 Dungeon Crawl Stone Soup version 0.27-a0-1046-g98bf31544f (webtiles) character file.

Game seed: 13301370178830303493

4349 Lemonice the Thaumaturge (level 10, 0/69 (73) HPs)
             Began as a Djinni Fire Elementalist on Apr 19, 2021.
             Was a Priest of Ru.
             Slain by a komodo dragon (13 damage)
             ... on level 8 of the Dungeon.
             The game lasted 00:44:38 (12455 turns).

Lemonice the Thaumaturge (DjFE)                    Turns: 12455, Time: 00:44:39

HP:   0/69 (73)     AC: 15    Str: 12    XL:     10   Next: 34%
Gold: 379           EV: 12    Int: 17    God:    Ru [***...] SH:  0 Dex: 15

rFire    + + +     SeeInvis .   c - staff of fire
rCold    x . .     Faith    .   (no shield)
rNeg     . . .     Spirit   .   p - +3 scale mail
rPois    ∞         Reflect  .   P - +1 helmet
rElec    .         Harm     .   (no cloak)
rCorr    .         Rampage  .   A - +1 pair of gloves {Str+3}
Will     +....                  (boots unavailable)
Stlth    ..........             (no amulet)
HPRegen  0.21/turn              (no ring)
MPRegen  0.00/turn              (no ring)

@: exhausted, flying, very slightly contaminated, hasted, drained, very quick
A: fire resistance 2, cold vulnerability 1, no stealth, inability to use
devices, float, innate caster, hp casting, extra vitality 1
a: Renounce Religion, Sacrifice Purity, Sacrifice Nimbleness, Sacrifice Skill,
Reject Sacrifices, Draw Out Power


You were on level 8 of the Dungeon.
You worshipped Ru.
Ru was most pleased with you.
You visited 1 branch of the dungeon, and saw 8 of its levels.
You also visited: Ossuary.

You collected 700 gold pieces.
You spent 321 gold pieces at shops.

Inventory:

Hand Weapons
 n - a +2 dagger of venom
 o - a +0 hunting sling of freezing
 x - a +3 vorpal hand axe
 C - a +2 flail of holy wrath
 J - the +6 short sword of Arbitration {chaos, rElec}
   (You took it off a kobold brigand on level 6 of the Dungeon)

   Each time it hits an enemy it has a different, random effect.
   It insulates you from electricity.
Missiles
 q - 21 sling bullets
 t - 8 silver boomerangs
Armour
 a - a +0 robe
 j - a +0 pair of gloves
 p - a +3 scale mail (worn)
 v - a +0 leather armour
 A - a +1 pair of gloves of strength (worn)
 E - a +0 buckler
 H - a +0 buckler
 P - a +1 helmet (worn)
 Q - a +3 chain mail
Magical Staves
 c - a staff of fire (weapon)
Jewellery
 e - a ring of poison resistance
 s - a ring of ice
 O - a ring of wizardry
 R - an amulet of guardian spirit
Wands
 F - a wand of digging (13)
 I - a wand of polymorph (11)
Scrolls
 b - 2 scrolls of magic mapping
 d - 2 scrolls of torment
 g - a scroll of vulnerability
 h - a scroll of enchant weapon
 l - a scroll of fog
 m - a scroll of summoning {unknown}
 u - a scroll of blinking {unknown}
 y - 2 scrolls of noise
 B - 4 scrolls of teleportation {unknown}
 D - 2 scrolls of fear {unknown}
 G - a scroll of amnesia {unknown}
 M - 3 scrolls of identify
Potions
 f - 2 potions of attraction
 i - 4 potions of haste
 k - 3 potions of might
 r - a potion of brilliance
 w - 2 potions of curing
 z - a potion of degeneration
 K - a potion of magic {unknown}
 L - 2 potions of cancellation {unknown}
 N - a potion of invisibility {unknown}


   Skills:
 + Level 6.3 Fighting
 * Level 6.7 Armour
 - Level 7.1 Dodging
 * Level 8.5 Spellcasting


You had one spell level left.
You knew the following spells:

 Your Spells              Type           Power      Damage    Failure   Level
a - Foxfire               Conj/Fire      100%       2x1d9     1%          1
b - Conjure Flame         Conj/Fire      53%        6-21      3%          3
c - Inner Flame           Hex/Fire       53%        N/A       3%          3
d - Sticky Flame          Conj/Fire      53%        2d7       13%         4
e - Fireball              Conj/Fire      26%        3d12      34%         5
f - Magic Dart            Conj           100%       1d8       1%          1
g - Poisonous Vapours     Pois/Air       72%        N/A       1%          2
h - Wereblood             Tmut           36%        N/A       1%          2
i - Ice Form              Ice/Tmut       36%        N/A       13%         4
Your spell library was empty.

Dungeon Overview and Level Annotations

Branches:
Dungeon (8/15)             Temple (0/1) D:4         Ossuary (visited)
   Lair: D:8-11

Altars:
Hepliaklqana
Kikubaaqudgha
Okawaru
Ru
Sif Muna
Vehumet
Wu Jian
Xom
Yredelemnul
Beogh

Shops:
D:4 =[[?[


Innate Abilities, Weirdness & Mutations

You are immune to poison.
Your flesh is very heat resistant. (rF++)
You are vulnerable to cold. (rC-)
You cannot be stealthy.
You cannot study or use magical devices.
You float through the air rather than walking.
You learn spells naturally, not from books.
Your magical power is your life essence.
You have superior vitality. (+4 HP)


Message History

You are slowing down.
Ru believes you are ready to make a new sacrifice.
Your limbs are stiffening.
The kobold throws a poisoned dart.
The poisoned dart hits you!
You have turned to stone.
The komodo dragon bites you but does no damage.
The komodo dragon bites you!
You turn to flesh and can move again.
You are restored by drawing out deep reserves of power within.
You feel drained.
The komodo dragon bites you but does no damage.
Casting: Sticky Flame (dangerous; 13% risk of failure)
Confirm with . or Enter, or press ? or * to list all spells.
Aiming: Sticky Flame (dangerous; 13% risk of failure)
Press: ? - help, Shift-Dir - straight line, f - komodo dragon
Aim: a komodo dragon (100% to hit)
You feel a surge of power!
The sticky flame hits the komodo dragon!
The komodo dragon is lightly wounded.
The komodo dragon is covered in liquid flames!
The komodo dragon burns!
The komodo dragon barely misses you.
The kobold is stunned by your conviction and fails to attack.
The komodo dragon burns!
The komodo dragon burns!
The komodo dragon burns!
The komodo dragon burns!
The komodo dragon stops burning.
Casting: Sticky Flame (dangerous; 13% risk of failure)
Confirm with . or Enter, or press ? or * to list all spells.
Aiming: Sticky Flame (dangerous; 13% risk of failure)
Press: ? - help, Shift-Dir - straight line, f/p - komodo dragon
Aim: a komodo dragon (severely wounded, 100% to hit)
You feel a surge of power!
You miscast Sticky Flame.
You are very lightly contaminated with residual magic.
Nothing appears to happen.
The komodo dragon bites you!!
* * * LOW HITPOINT WARNING * * *
The kobold throws a poisoned dart.
The poisoned dart hits you! The komodo dragon bites you.
* * * LOW HITPOINT WARNING * * *
You feel yourself speed up. The komodo dragon bites you!
You die...

#### #..############
#.###.........##
.)).....###.†..## ###
##### ..[...###
####Kl#####.#######....
..####.#
###@..###........###
#.# ## ####...#########
##. ##### ##


You could see a komodo dragon and a kobold.

Vanquished Creatures
  A wraith (D:7)
  A wyvern (D:7)
  A basilisk (D:8)
  The ghost of nj0rd12 the Skirmisher, an amateur DsFi of Makhleb (D:3)
  A steam dragon (D:8)
  3 water moccasins
  A black bear (D:4)
  A hornet zombie (D:7)
  A sky beast (D:8)
  2 orc warriors (D:8)
  3 ogres
  4 necrophages
  4 centaurs
  A phantom (D:7)
  2 kobold brigands
  3 bullfrogs (D:7)
  A wyvern zombie (D:7)
  A scorpion (D:6)
  A water moccasin zombie (D:6)
  A gnoll sergeant (D:8)
  A wyvern skeleton (D:7)
  2 howler monkeys (D:8)
  An electric eel (D:6)
  7 centaur zombies
  3 human zombies
  2 hounds
  4 orc priests
  A centaur skeleton (D:6)
  3 bullfrog skeletons
  3 orc wizards (D:4)
  2 killer bee zombies (D:7)
  4 mummies
  A howler monkey skeleton (D:5)
  5 adders
  4 gnolls (D:5)
  3 shadow imps
  A white imp (D:7)
  2 ufetubi
  An adder zombie (Ossuary)
  2 dart slugs
  38 orcs
  2 bat zombies (D:3)
  9 endoplasms
  2 giant cockroaches (D:1)
  10 goblins
  3 hobgoblins
  4 jackals (D:2)
  7 quokkas
  4 ball pythons
  11 bats
  11 frilled lizards
  2 goblin zombies (Ossuary)
  8 hobgoblin zombies (Ossuary)
  3 jackal zombies (Ossuary)
  11 kobolds
  10 kobold zombies (Ossuary)
  7 orc zombies (Ossuary)
  5 rats
  2 rat zombies
235 creatures vanquished.

Vanquished Creatures (others)
  A wight (D:7)
  391 foxfires
  20 plants
412 creatures vanquished.

Grand Total: 647 creatures vanquished

Notes
Turn   | Place    | Note
-------+----------+-------------------------------------------
     0 | D:1      | Lemonice the Djinni Fire Elementalist began the quest for
                  | the Orb.
     0 | D:1      | Reached XP level 1. HP: 15/15 MP: 0/0
   177 | D:1      | Reached skill level 3 in Spellcasting
   238 | D:1      | Reached XP level 2. HP: 20/21 MP: 0/0
   417 | D:1      | Found a faded altar of an unknown god.
   832 | D:1      | Reached XP level 3. HP: 24/25 MP: 0/0
   832 | D:1      | Learned a level 1 spell: Magic Dart
  1812 | D:2      | Reached skill level 1 in Armour
  1812 | D:2      | Reached XP level 4. HP: 29/31 MP: 0/0
  1941 | D:2      | Reached skill level 1 in Fighting
  2823 | D:3      | Found a runed translucent gate.
  2823 | D:3      | Noticed nj0rd12's ghost (amateur DsFi)
  2824 | D:3      | Identified the +2 hunting sling of Currency {venom, rF+
                  | rCorr Int-4 Dex+4}
  2826 | D:3      | Found a runed translucent gate.
  2826 | D:3      | Found a runed translucent gate.
  2981 | D:3      | Found a sacrificial altar of Ru.
  2992 | D:3      | Became a worshipper of Ru the Awakened
  4031 | D:4      | Found Kiprorghy's Magic Scroll Shoppe.
  4050 | D:4      | Bought a scroll of identify for 24 gold pieces
  4050 | D:4      | Bought a scroll of identify for 24 gold pieces
  4050 | D:4      | Bought a scroll of identify for 24 gold pieces
  4050 | D:4      | Bought a scroll of noise for 12 gold pieces
  4050 | D:4      | Bought a scroll of identify for 24 gold pieces
  4050 | D:4      | Bought a scroll of fog for 24 gold pieces
  4050 | D:4      | Bought a scroll of identify for 24 gold pieces
  4083 | D:4      | Reached XP level 5. HP: 35/37 MP: 0/0
  4083 | D:4      | Learned a level 2 spell: Poisonous Vapours
  4185 | D:4      | Reached skill level 4 in Spellcasting
  4436 | D:4      | Noticed a necrophage
  4447 | D:4      | Killed a necrophage
  4448 | D:4      | Reached XP level 6. HP: 39/43 MP: 0/0
  4452 | D:4      | Found a staircase to the Ecumenical Temple.
  4617 | D:4      | Found Negriure's Jewellery Shoppe.
  4727 | D:4      | Gained mutation: You cannot be stealthy. [Ru sacrifice]
  4864 | D:4      | Found Qoudul's Antique Armour Emporium.
  4891 | D:4      | Found Routitae's Antique Armour Emporium.
  5180 | D:4      | Found Hulis's Armour Shop.
  5192 | D:4      | Bought a +1 pair of gloves of strength for 165 gold pieces
  5385 | D:5      | Entered Level 5 of the Dungeon
  5451 | D:5      | Reached XP level 7. HP: 36/49 MP: 0/0
  5451 | D:5      | Learned a level 2 spell: Wereblood
  5792 | D:5      | Reached skill level 5 in Spellcasting
  6191 | D:5      | Reached XP level 8. HP: 50/56 MP: 0/0
  6584 | D:6      | Reached skill level 5 in Dodging
  6619 | D:6      | Reached skill level 6 in Spellcasting
  7004 | D:6      | Identified the +6 short sword of Arbitration {chaos, rElec}
  7030 | D:6      | Found a large runed translucent door.
  7030 | D:6      | Found a large runed translucent door.
  7031 | D:6      | Found a shimmering altar of Xom.
  7700 | D:6      | Found a hazy altar of Hepliaklqana.
  7701 | D:6      | Found a shimmering altar of Xom.
  7702 | D:6      | Noticed a spectral ugly thing
  7794 | D:7      | Noticed a wyvern
  8055 | D:7      | Found a sand-covered staircase.
  8061 | Ossuary  | Entered an ossuary
  8067 | Ossuary  | Gained mutation: You cannot study or use magical devices.
                  | [Ru sacrifice]
  8067 | Ossuary  | Reached * piety under Ru
  8067 | Ossuary  | Reached ** piety under Ru
  8067 | Ossuary  | Reached *** piety under Ru
  8708 | D:7      | Reached XP level 9. HP: 30/63 MP: 0/0
  8708 | D:7      | Learned a level 4 spell: Ice Form
  8723 | D:7      | HP: 2/59 [wyvern (13)]
  9243 | D:7      | Reached skill level 5 in Armour
  9243 | D:7      | Reached skill level 7 in Spellcasting
  9400 | D:7      | Found a basalt altar of Yredelemnul.
  9418 | D:7      | Reached skill level 5 in Fighting
 10942 | D:3      | Killed nj0rd12's ghost
 10943 | D:3      | Reached skill level 8 in Spellcasting
 10943 | D:3      | Reached XP level 10. HP: 35/72 MP: 0/0
 12091 | D:8      | Found an ornate altar of the Wu Jian Council.
 12091 | D:8      | Found an iron altar of Okawaru.
 12455 | D:8      | Slain by a komodo dragon

Illustrated notes

Levels and vault maps discovered:
D:1:      dpeg_arrival_concentric_ovals, layout_loops_ring,
          hellmonk_ecumenical_altar_zigzags
D:2:      cheibrodos_old_hovel, layout_loops_corners, minmay_lizard_king
D:3:      layout_basic, lemuel_zombie_altar_kikubaaqudgha, old_standard_altar,
          biasface_ghost_orc_armoury, serial_park_tiny_pond
D:4:      layout_basic, kennysheep_orc_sif_temple,
          minmay_temple_entry_water_ring, serial_shops, shop, shop_coins,
          shop_coins, shop_statue, shop
D:5:      layout_rooms
D:6:      due_chaos_kobolds, layout_loops_cross, regret_index_temple_of_mockery,
          serial_bayou_ford_a
D:7:      layout_cave_pools, lemuel_mausoleum_altar_yredelemnul,
          nicolae_vehumet_altar_sigil, lightli_ossuary_entry_decrepit_ruins,
          grunt_potential
D:8:      layout_basic, grunt_temple_overflow_open, erik_lair_dragon,
          kennysheep_generic_room_15

Skill      XL: |  1  2  3  4  5  6  7  8  9 10 |
---------------+-------------------------------+-----
Spellcasting   | 3 4 5 6 8 |  8.5
Armour         | 1 2 3 4 5 6 |  6.7
Fighting       | 1 2 3 4 5 6 |  6.3
Dodging        | 3 4 5 7 |  7.1
Stealth        | 0 |  0.0

Action                   |  1- 3 |  4- 6 |  7- 9 | 10-12 || total
-------------------------+-------+-------+-------+-------++-------
Melee: Staff             |     5 |     3 |    60 |     5 ||    73
       Unarmed           |       |       |    23 |     8 ||    31
 Cast: Foxfire           |    56 |   117 |    91 |       ||   264
       Poisonous Vapours |       |       |    10 |    29 ||    39
       Sticky Flame      |       |       |    50 |    10 ||    60
       Magic Dart        |       |       |    13 |    10 ||    23
       Fireball          |       |       |     8 |     3 ||    11
       Conjure Flame     |       |       |     3 |     1 ||     4
       Wereblood         |       |       |     2 |       ||     2
       Inner Flame       |       |       |     1 |     2 ||     3
       Ice Form          |       |       |     2 |       ||     2
Invok: Sacrifice Stealth |       |     1 |       |       ||     1
       Draw Out Power    |       |       |     7 |     3 ||    10
       Sacrifice Artific |       |       |     1 |       ||     1
  Use: Scroll            |       |     9 |     4 |       ||    13
       Potion            |       |       |     4 |     1 ||     5
Armor: Robe              |    10 |    24 |    42 |       ||    76
       Skin              |       |       |     7 |     5 ||    12
       Scale mail        |       |       |       |     8 ||     8
Dodge: Dodged            |    24 |    62 |   164 |    21 ||   271

Table legend: (Time is in decaauts)
 A = Elapsed time spent in this place.
 B = Non-inter-level travel time spent in this place.
 C = Inter-level travel time spent in this place.
 D = Time resting spent in this place.
 E = Time spent auto-exploring this place.
 F = Levels seen in this place.
 G = Mean time per level.
                   A        B        C        D        E       F      G
               +--------+--------+--------+--------+--------+-----+--------+
         Total |  12492 |  12097 |    395 |   3383 |   6071 |   9 | 1388.0 |
       Dungeon |  11850 |  11455 |    395 |   3184 |   5889 |   8 | 1481.2 |
       Ossuary |    641 |    641 |      0 |    199 |    182 |   1 |  641.0 |
               +--------+--------+--------+--------+--------+-----+--------+

Top non-repeatable levels by time:
     D:7: 2579 daAuts
     D:4: 1833 daAuts
     D:3: 1735 daAuts
     D:6: 1696 daAuts
     D:2: 1491 daAuts
     D:1: 1161 daAuts
     D:5: 730 daAuts
 Ossuary: 641 daAuts
     D:8: 622 daAuts
